 Dungeon Crawl Stone Soup version 0.24.1-4-ge52af88ad5 (webtiles) character file.

Game seed: 16817857882235868756, levelgen mode: deterministic

32 Ortigal the Skirmisher (level 3, -1/29 HPs)
             Began as a Demonspawn Abyssal Knight on Apr 12, 2020.
             Was a Believer of Lugonu.
             Killed from afar by an orc wizard (7 damage)
             ... with a puff of frost
             ... on level 2 of the Dungeon.
             The game lasted 00:03:31 (846 turns).

Ortigal the Skirmisher (Demonspawn Abyssal Knight)   Turns: 846, Time: 00:03:31

Health: -1/29      AC:  6    Str: 13    XL:     3   Next: 10%
Magic:  5/5        EV:  9    Int: 13    God:    Lugonu [**....]
Gold:   74         SH:  0    Dex: 12    Spells: 2/2 levels left

rFire    . . .     SeeInvis .   a - +1 falchion
rCold    . . .     Gourm    .   (no shield)
rNeg     . . .     Faith    .   d - +0 scale mail
rPois    .         Spirit   .   (no helmet)
rElec    .         Reflect  .   (no cloak)
rCorr    .         Harm     .   (no gloves)
MR       .....                  (no boots)
Stlth    ..........             (no amulet)
HPRegen  0.09/turn              (no ring)
MPRegen  0.09/turn              (no ring)

@: no status effects
A: rot immunity
a: Depart the Abyss, Bend Space, Renounce Religion


You were on level 2 of the Dungeon.
You worshipped Lugonu.
Lugonu was pleased with you.
You were not hungry.

You visited 1 branch of the dungeon, and saw 2 of its levels.
You visited the Abyss 1 time.

You collected 74 gold pieces.

Inventory:

Hand Weapons
 a - a +1 falchion (weapon)
Armour
 b - a +0 leather armour
 d - a +0 scale mail (worn)
Jewellery
 j - an uncursed ring of protection from cold {unknown}
Scrolls
 e - 3 scrolls of remove curse {unknown}
 g - a scroll of teleportation {unknown}
 i - a scroll of identify {unknown}
 k - a scroll of amnesia {unknown}
Potions
 f - a potion of resistance {unknown}
 h - 2 potions of might {unknown}
Comestibles
 c - 2 rations


   Skills:
 + Level 3.3 Fighting
 + Level 2.3 Long Blades
 + Level 2.1 Armour
 + Level 1.3 Dodging
 + Level 2.7 Invocations


You had 2 spell levels left.
You didn't know any spells.
Your spell library was empty.

Dungeon Overview and Level Annotations

Branches:
Dungeon (2/15)

Altars:


Innate Abilities, Weirdness & Mutations

You are immune to rotting.


Message History

You hit the worm.
You kill the worm!
Lugonu accepts your kill. The orc wizard closely misses you.
You riposte.
Your scale mail prevents you from hitting the orc wizard.
The orc wizard hits you with a +0 dagger.
Unknown command.
The orc wizard hits you but does no damage.
The orc wizard closely misses you.
The orc wizard gestures at you while chanting.
The puff of frost hits you!
The orc wizard gestures at you while chanting.
The magic dart hits you!
* * * LOW HITPOINT WARNING * * *
A rat comes into view.
The orc wizard hits you but does no damage.
Found 12 gold pieces.
The orc wizard casts a spell at you. The puff of frost hits you!
You die...

#........(#
#.........#
#......$..#
#.........#
#.........#
#....r....#
#.........#
#......@..#
######.#.##
#..o# ##..#
#..##
#..o###
##....###
##.....#
####o.#


You could see an orc wizard, an orc and a rat.

Vanquished Creatures
  A worm (D:2)
  7 bats (D:1)
  4 goblins (D:1)
  3 hobgoblins (D:1)
  3 jackals (D:1)
  5 kobolds (D:1)
  A frilled lizard (D:1)
  3 rats (D:1)
27 creatures vanquished.

Notes
Turn   | Place    | Note
-------+----------+-------------------------------------------
     0 | Abyss:1  | Ortigal the Demonspawn Abyssal Knight began the quest for
                  | the Orb.
     0 | Abyss:1  | Reached XP level 1. HP: 18/18 MP: 2/2
     9 | D:1      | Escaped the Abyss
    35 | D:1      | Reached skill level 1 in Dodging
    59 | D:1      | Gained mutation: You are immune to rotting. [demonic
                  | ancestry]
    59 | D:1      | Reached XP level 2. HP: 23/24 MP: 3/3
   274 | D:1      | Reached ** piety under Lugonu
   449 | D:1      | Reached XP level 3. HP: 21/29 MP: 5/5
   846 | D:2      | Killed from afar by an orc wizard

Levels and vault maps discovered:
D:1:      minmay_arrival_doors, layout_basic, minmay_misc_feat_square
D:2:      cheibrodos_pilgrimage, layout_rooms, lemuel_doored_altar

Skill      XL: |  1  2 |
---------------+-------+-----
Dodging        | 1 |  1.3
Long Blades    | 2 |  2.3
Armour         | 2 |  2.1
Fighting       | |  3.3
Invocations    | |  2.7

Action                   || total
-------------------------++-------
Melee: Falchion          ||   104
Armor: Leather armour    ||    44
       Scale mail        ||     8
Dodge: Dodged            ||    82
       Rpst.: Falchion   ||    24
